 Dungeon Crawl Stone Soup version 0.28-a0-20-gdd470a43dd (webtiles) character file.

Game seed: 3593866296900644813

347 MirrMurr the Thrower (level 6, -3/51 HPs)
             Began as a Gnoll Hunter on July 25, 2021.
             Killed by divine providence
             ... invoked by an orc priest
              (7 damage)
             ... on level 5 of the Dungeon on July 26, 2021.
             The game lasted 00:19:48 (4897 turns).

MirrMurr the Thrower (Gnoll Hunter)                 Turns: 4897, Time: 00:19:49

Health: -3/51      AC:  8    Str: 11    XL:     6   Next: 59%
Magic:  9/9        EV: 11    Int: 13    God:
Gold:   128        SH:  0    Dex: 12    Spells: 9/9 levels left

rFire   . . .      SeeInvis .   a - +0 spear
rCold   . . .      Faith    .   (no shield)
rNeg    . . .      Spirit   .   i - +0 ring mail
rPois   .          Reflect  .   (no helmet)
rElec   .          Harm     .   (no cloak)
rCorr   .          Rampage  .   h - +2 pair of gloves
Will    .....                   (no boots)
Stlth   ++........              (no amulet)
HPRegen 0.17/turn               (no ring)
MPRegen 0.11/turn               (no ring)

@: no status effects
A: fangs 1, strong nose, distributed training
a: no special abilities


You were on level 5 of the Dungeon.
You visited 2 branches of the dungeon, and saw 6 of its levels.

You collected 128 gold pieces.

Inventory:

Hand Weapons
 a - a +0 spear (weapon)
 w - a +2 hand axe of flaming
Missiles
 e - 210 stones (quivered)
 g - 73 sling bullets
 j - 6 javelins
Armour
 h - a +2 pair of gloves (worn)
 i - a +0 ring mail (worn)
Scrolls
 b - a scroll of enchant armour
 c - a scroll of teleportation
Potions
 f - a potion of might {unknown}
 k - a potion of haste {unknown}
 p - a potion of attraction


   Skills:
 + Level 5.0 Fighting
 + Level 2.0 Short Blades
 + Level 2.0 Long Blades
 + Level 2.0 Axes
 + Level 2.0 Maces & Flails
 + Level 2.0 Polearms
 + Level 2.0 Staves
 + Level 2.0 Slings
 + Level 2.0 Bows
 + Level 2.0 Crossbows
 + Level 8.8 Throwing
 + Level 2.0 Armour
 + Level 5.0 Dodging
 + Level 3.1 Stealth
 + Level 2.0 Shields
 + Level 2.0 Unarmed Combat
 + Level 2.0 Spellcasting
 + Level 1.6 Conjurations
 + Level 1.6 Hexes
 + Level 1.6 Summonings
 + Level 1.6 Necromancy
 + Level 1.6 Translocations
 + Level 1.6 Transmutations
 + Level 1.6 Fire Magic
 + Level 1.6 Ice Magic
 + Level 1.6 Air Magic
 + Level 1.6 Earth Magic
 + Level 1.6 Poison Magic
 + Level 2.2 Invocations
 + Level 2.0 Evocations


You had 9 spell levels left.
You didn't know any spells.
Your spell library contained the following spells:

 Spells                   Type           Power      Damage    Failure   Level
 Static Discharge         Conj/Air       5%         N/A       43%         2
 Tukima's Dance           Hex            5%         N/A       67%         3
 Dispel Undead            Necr           5%         3d7       97%         4
 Passage of Golubria      Tloc           N/A        N/A       97%         4
 Sticky Flame             Conj/Fire      5%         2d3       97%         4
 Yara's Violent Unravell  Hex/Tmut       2%         3d3       100%        5


Dungeon Overview and Level Annotations

Branches:
Dungeon (5/15)             Temple (1/1) D:4

Altars:
Ashenzari
Fedhas
Gozag
Hepliaklqana
Kikubaaqudgha
Nemelex Xobeh
Qazlal
Ru
Sif Muna
Vehumet
Wu Jian
The Shining One

Shops:
D:1 *=


Innate Abilities, Weirdness & Mutations

You have very sharp teeth.
Your uncanny sense of smell can sniff out nearby items.
Your experience applies equally to all skills.


Message History

The orc hits you but does no damage.
Okay, then.
You barely miss the orc priest.
The orc priest is lightly wounded.
The orc hits you with a +0 mace.
* * * LOW HITPOINT WARNING * * *
The orc priest barely misses you.
You hit the orc priest.
The orc priest is heavily wounded.
The orc priest closely misses you. The orc barely misses you.
You hit the orc priest but do no damage.
The orc priest is heavily wounded.
The orc priest hits you but does no damage.
The orc misses you.
You closely miss the orc priest.
The orc priest is heavily wounded.
The orc priest barely misses you. The orc hits you with a +0 mace.
* * * LOW HITPOINT WARNING * * *
You hit the orc priest but do no damage.
You bite the orc priest, but do no damage.
The orc priest is heavily wounded.
The orc priest hits you but does no damage.
The orc hits you but does no damage.
You hit the orc priest.
The orc priest is almost dead.
The orc priest barely misses you. The orc hits you with a +0 mace.
* * * LOW HITPOINT WARNING * * *
You barely miss the orc priest.
You bite the orc priest, but do no damage.
The orc priest is almost dead.
The orc priest closely misses you. The orc hits you with a +0 mace.
* * * LOW HITPOINT WARNING * * *
You hit the orc priest but do no damage.
The orc priest is almost dead.
The orc priest closely misses you. The orc completely misses you.
You hit the orc priest.
The orc priest is almost dead.
The orc priest calls down the wrath of Beogh upon you.
Beogh smites you!
You die...

# ###............
#.$.o.{#...#.#
#....#.##..#
###....o#.##.#
........#....##..
.......#.........[
............##...#.
.....#..o#.....###
.#..###..@..#.##
#.....o.#.#
......##.## #
##...# ### #.## #


You could see an orc priest and an orc.

Vanquished Creatures
  An ogre (D:4)
  2 hounds (D:4)
  An iguana (D:5)
  2 orc wizards (D:4)
  5 adders
  A howler monkey skeleton (D:3)
  2 worms (D:2)
  3 dart slugs
  7 orcs (D:4)
  3 bats
  2 endoplasms
  2 giant cockroaches
  7 hobgoblins
  2 quokkas
  A frilled lizard (D:2)
  4 goblins
  10 kobolds
  5 rats
60 creatures vanquished.

Notes
Turn   | Place    | Note
-------+----------+-------------------------------------------
     0 | D:1      | MirrMurr the Gnoll Hunter began the quest for the Orb.
     0 | D:1      | Reached XP level 1. HP: 20/20 MP: 1/1
   263 | D:1      | Found Uxtaed's Jewellery Shoppe.
   306 | D:1      | Found Laymud's Assorted Antiques.
   321 | D:1      | Reached XP level 2. HP: 17/26 MP: 2/2
  1092 | D:2      | Reached XP level 3. HP: 31/31 MP: 3/3
  1334 | D:2      | Reached skill level 1 in Invocations
  1607 | D:2      | Reached skill level 1 in Short Blades
  1607 | D:2      | Reached skill level 1 in Long Blades
  1607 | D:2      | Reached skill level 1 in Axes
  1607 | D:2      | Reached skill level 1 in Maces & Flails
  1607 | D:2      | Reached skill level 1 in Polearms
  1607 | D:2      | Reached skill level 1 in Staves
  1607 | D:2      | Reached skill level 1 in Slings
  1607 | D:2      | Reached skill level 1 in Bows
  1607 | D:2      | Reached skill level 1 in Crossbows
  1607 | D:2      | Reached skill level 1 in Armour
  1607 | D:2      | Reached skill level 1 in Shields
  1607 | D:2      | Reached skill level 1 in Unarmed Combat
  1607 | D:2      | Reached skill level 1 in Spellcasting
  1607 | D:2      | Reached skill level 1 in Evocations
  1789 | D:3      | Reached XP level 4. HP: 24/38 MP: 5/5
  2060 | D:3      | Reached skill level 1 in Conjurations
  2060 | D:3      | Reached skill level 1 in Hexes
  2060 | D:3      | Reached skill level 1 in Summonings
  2060 | D:3      | Reached skill level 1 in Necromancy
  2060 | D:3      | Reached skill level 1 in Translocations
  2060 | D:3      | Reached skill level 1 in Transmutations
  2060 | D:3      | Reached skill level 1 in Fire Magic
  2060 | D:3      | Reached skill level 1 in Ice Magic
  2060 | D:3      | Reached skill level 1 in Air Magic
  2060 | D:3      | Reached skill level 1 in Earth Magic
  2060 | D:3      | Reached skill level 1 in Poison Magic
  2754 | D:4      | Reached XP level 5. HP: 42/43 MP: 5/7
  2884 | D:4      | Found a broken altar of Ashenzari.
  3137 | D:4      | Found a staircase to the Ecumenical Temple.
  3150 | Temple   | Entered the Ecumenical Temple
  3594 | D:4      | Noticed an ogre
  3617 | D:4      | Killed an ogre
  3618 | D:4      | Reached XP level 6. HP: 13/50 MP: 8/8
  3942 | D:4      | Reached skill level 5 in Fighting
  3942 | D:4      | Reached skill level 5 in Dodging
  4190 | D:5      | Entered Level 5 of the Dungeon
  4763 | D:4      | Upgraded the game from 0.28-a0-10-g964c8b829e to
                  | 0.28-a0-20-gdd470a43dd
  4897 | D:5      | Killed from afar by an orc priest

Illustrated notes

Levels and vault maps discovered:
D:1:      giann_bridges, layout_basic, serial_bayou, serial_bayou_pond_b,
          serial_bayou_shore_b, serial_bayou_lagoon_a, serial_bayou_lake_a,
          serial_bayou_pond_c, serial_shops, shop, nicolae_shop_crystal
D:2:      layout_loops_ring
D:3:      layout_loops_ring
D:4:      layout_loops_ring, nicolae_overflow_crystal_walls, temple_green
D:5:      layout_cave_pools, elyvilon_altar_3, mainiacjoe_overflow_24_doors,
          minmay_fire_ice_demons
Temple:   minmay_temple_curvy_loop

Skill      XL: |  1  2  3  4  5  6 |
---------------+-------------------+-----
Invocations    | 1 2 |  2.2
Short Blades   | 1 2 |  2.0
Long Blades    | 1 2 |  2.0
Axes           | 1 2 |  2.0
Maces & Flails | 1 2 |  2.0
Polearms       | 1 2 |  2.0
Staves         | 1 2 |  2.0
Slings         | 1 2 |  2.0
Bows           | 1 2 |  2.0
Crossbows      | 1 2 |  2.0
Armour         | 1 2 |  2.0
Shields        | 1 2 |  2.0
Unarmed Combat | 1 2 |  2.0
Spellcasting   | 1 2 |  2.0
Evocations     | 1 2 |  2.0
Conjurations   | 1 |  1.6
Hexes          | 1 |  1.6
Summonings     | 1 |  1.6
Necromancy     | 1 |  1.6
Translocations | 1 |  1.6
Transmutations | 1 |  1.6
Fire Magic     | 1 |  1.6
Ice Magic      | 1 |  1.6
Air Magic      | 1 |  1.6
Earth Magic    | 1 |  1.6
Poison Magic   | 1 |  1.6
Stealth        | 3 |  3.1
Fighting       | 5 |  5.0
Dodging        | 5 |  5.0
Throwing       | |  8.8

Action                   |  1- 3 |  4- 6 || total
-------------------------+-------+-------++-------
Melee: Short sword       |    56 |    52 ||   108
       Bite              |     3 |    27 ||    30
       Spear             |       |   133 ||   133
       Punch             |       |     1 ||     1
Throw: Stone             |    95 |    56 ||   151
       Javelin           |       |     7 ||     7
       Throwing net      |       |     2 ||     2
  Use: Scroll            |       |     9 ||     9
 Stab: Sleeping          |     2 |     1 ||     3
       Held in net/web   |       |     2 ||     2
Armor: Leather armour    |     3 |       ||     3
       Ring mail         |     9 |    65 ||    74
Dodge: Dodged            |    24 |   106 ||   130

Table legend: (Time is in decaauts)
 A = Elapsed time spent in this place.
 B = Non-inter-level travel time spent in this place.
 C = Inter-level travel time spent in this place.
 D = Time resting spent in this place.
 E = Time spent auto-exploring this place.
 F = Levels seen in this place.
 G = Mean time per level.
                   A        B        C        D        E       F      G
               +--------+--------+--------+--------+--------+-----+--------+
         Total |   4914 |   4653 |    261 |    125 |   3824 |   6 |  819.0 |
       Dungeon |   4689 |   4452 |    237 |    125 |   3624 |   5 |  937.8 |
        Temple |    224 |    200 |     24 |      0 |    200 |   1 |  224.0 |
               +--------+--------+--------+--------+--------+-----+--------+

Top non-repeatable levels by time:
     D:4: 1844 daAuts
     D:2: 999 daAuts
     D:3: 933 daAuts
     D:1: 820 daAuts
  Temple: 224 daAuts
     D:5: 92 daAuts
